 Dungeon Crawl Stone Soup version 0.31-a0-750-gfe7b580527 (webtiles) character file.

Game seed: 7380759624563330885

35 cforsyth the Sneak (level 3, -3/31 HPs)
             Began as a Djinni Delver on Sept 14, 2023.
             Killed by nerve-wracking pain
             ... invoked by Grinder
              (8 damage)
             ... on level 5 of the Dungeon.
             The game lasted 00:00:45 (180 turns).

cforsyth the Sneak (Djinni Delver)                   Turns: 180, Time: 00:00:46

Health: -3/31      AC:  3    Str: 11    XL:     3   Next: 52%
Gold:   0          EV: 12    Int: 13    God:
                   SH:  0    Dex: 14

rFire   + + .        a - +0 falchion
rCold   x . .        (no shield)
rNeg    . . .        b - +0 leather armour
rPois   ∞            (no helmet)
rElec   .            (no cloak)
rCorr   .            (no gloves)
SInv    .            (boots unavailable)
Will    .....        (no amulet)
Stlth   ++           (no ring)
HPRegen 0.25/turn    (no ring)
MPRegen 0.00/turn

%: infuse magic (-4 HP)
@: mighty, flying
A: sickness immunity, fire resistance 2, cold vulnerability 1, float, innate
caster, HP casting, extra vitality 1
a: no special abilities


You were on level 5 of the Dungeon.
You visited 1 branch of the dungeon, and saw 1 of its levels.

Inventory:

Hand Weapons
 a - a +0 falchion (weapon)
Armour
 b - a +0 leather armour (worn)
Wands
 g - a wand of digging (3)
Scrolls
 c - a scroll of fog
 d - a scroll of revelation


   Skills:
 + Level 3.7 Fighting
 - Level 1.7 Long Blades
 - Level 2.1 Dodging
 - Level 4.1 Stealth
 + Level 1.3 Spellcasting
 + Level 1.3 Conjurations
 + Level 1.3 Hexes
   Level 0.0 Charms
 + Level 1.3 Summonings
 + Level 1.3 Necromancy
 + Level 1.3 Translocations
 + Level 1.3 Transmutations
 + Level 1.3 Fire Magic
 + Level 1.3 Ice Magic
 + Level 1.3 Air Magic
 + Level 1.3 Earth Magic
 + Level 1.3 Poison Magic


You knew the following spells:

 Your Spells              Type           Power      Damage    Failure   Level
a - Foxfire               Conj/Fire      16%        2x1d4     22%         1
Your spell library was empty.

Dungeon Overview and Level Annotations

Branches:
Dungeon (5/15)
 Temple: D:4-7

Altars:

Annotations:
D:5 Grinder


Innate Abilities, Weirdness & Mutations

You are immune to sickness and miasma.
You are immune to poison.
Your flesh is very heat resistant. (rF++)
You are vulnerable to cold. (rC-)
You float through the air rather than walking.
You learn spells naturally, not from books.
Your magical power is your life essence.
You have superior vitality. (+4 MHP)


Message History

You assume a fearsome visage.
The iguana looks frightened!
Your magical contamination has completely faded away.
A malevolent force fills the Dungeon... and a teleportation trap spontaneously manifests!
You are yanked towards a nearby monster!
Your surroundings suddenly seem different.
A shadow imp comes into view.
Found an inky potion.
Grinder comes into view.
Grinder shouts!
A scorpion comes into view.
You feel yourself speed up. Grinder gestures at you.
Pain shoots through your body!
* * * LOW HITPOINT WARNING * * *
Found a ring mail.
Found a glowing silvery potion.
You start resting.
Your extra speed is starting to run out.
You start resting.
You feel yourself slow down.
You start resting.
Grinder is nearby!
Grinder is nearby!
Okay, then.
It was a potion of might.
You feel very mighty all of a sudden.
Grinder blinks!
Grinder blinks!
You are too injured to fight recklessly!
You slash the scorpion!
The scorpion is severely wounded.
The scorpion closely misses you. The scorpion stings you.
You hit the scorpion. Your punch misses the scorpion.
The scorpion is almost dead.
The scorpion stings you!
* * * LOW HITPOINT WARNING * * *
Grinder gestures at you. Pain shoots through your body!
You die...
Grinder says, "Now the real fun starts!"

### #.##
##..## ..
###....# ...
##.#.@###
...##....s.#
...#..5...#
. #.......##
..#...##..#
..........##
.....!....#
[...#....#
##..###..#


You could see Grinder and a scorpion.

Vanquished Creatures
  A jelly (D:5)
  A white imp (D:5)
2 creatures vanquished.

Vanquished Creatures (others)
  19 foxfires (D:5)
19 creatures vanquished.

Grand Total: 21 creatures vanquished

Notes
Turn   | Place    | Note
-------+----------+-------------------------------------------
     0 | D:5      | cforsyth the Djinni Delver began the quest for the Orb.
     0 | D:5      | Reached XP level 1. HP: 20/20 MP: 0/0
    10 | D:5      | Noticed a jelly
    18 | D:5      | Killed a jelly
    19 | D:5      | Reached skill level 1 in Spellcasting
    19 | D:5      | Reached skill level 1 in Conjurations
    19 | D:5      | Reached skill level 1 in Hexes
    19 | D:5      | Reached skill level 1 in Summonings
    19 | D:5      | Reached skill level 1 in Necromancy
    19 | D:5      | Reached skill level 1 in Translocations
    19 | D:5      | Reached skill level 1 in Transmutations
    19 | D:5      | Reached skill level 1 in Fire Magic
    19 | D:5      | Reached skill level 1 in Ice Magic
    19 | D:5      | Reached skill level 1 in Air Magic
    19 | D:5      | Reached skill level 1 in Earth Magic
    19 | D:5      | Reached skill level 1 in Poison Magic
    19 | D:5      | Reached XP level 2. HP: 13/25 MP: 0/0
    19 | D:5      | Reached XP level 3. HP: 15/30 MP: 0/0
    19 | D:5      | Learned a level 1 spell: Foxfire
   128 | D:5      | Noticed Grinder
   128 | D:5      | Noticed a scorpion
   180 | D:5      | Killed from afar by Grinder

Illustrated notes

Levels and vault maps discovered:
D:5:      layout_cave_pools, minmay_stone_trees_small, uniq_edmund, uniq_grinder

Skill      XL: |  1 |
---------------+----+-----
Spellcasting   | 1 |  1.3
Conjurations   | 1 |  1.3
Hexes          | 1 |  1.3
Summonings     | 1 |  1.3
Necromancy     | 1 |  1.3
Translocations | 1 |  1.3
Transmutations | 1 |  1.3
Fire Magic     | 1 |  1.3
Ice Magic      | 1 |  1.3
Air Magic      | 1 |  1.3
Earth Magic    | 1 |  1.3
Poison Magic   | 1 |  1.3
Fighting       | |  3.7
Long Blades    | |  1.7
Dodging        | |  2.1
Stealth        | |  4.1

Action                     || total
---------------------------++-------
  Melee: Falchion          ||     8
   Cast: Foxfire           ||    11
    Use: Potion            ||     2
         Scroll            ||     1
 Armour: Leather armour    ||     4
  Dodge: Dodged            ||     6

Table legend: (Time is in decaauts)
 A = Elapsed time spent in this place.
 B = Non-inter-level travel time spent in this place.
 C = Inter-level travel time spent in this place.
 D = Time resting spent in this place.
 E = Time spent auto-exploring this place.
 F = Levels seen in this place.
 G = Mean time per level.
                   A        B        C        D        E       F      G
               +--------+--------+--------+--------+--------+-----+--------+
         Total |    168 |    168 |      0 |      9 |     92 |   1 |  168.0 |
       Dungeon |    168 |    168 |      0 |      9 |     92 |   1 |  168.0 |
               +--------+--------+--------+--------+--------+-----+--------+

Top non-repeatable levels by time:
     D:5: 168 daAuts
